 Dungeon Crawl Stone Soup version 0.28-a0-655-g4eb62b627b (webtiles) character file.

Game seed: 15181122941844629173

126 Gwenloh the Chopper (level 4, -2/38 HPs)
             Began as a Minotaur Gladiator on Oct 13, 2021.
             Slain by an orc (9 damage)
             ... on level 2 of the Dungeon.
             The game lasted 00:04:21 (2305 turns).

Gwenloh the Chopper (Minotaur Gladiator)            Turns: 2305, Time: 00:04:22

Health: -2/38      AC:  5    Str: 18    XL:     4   Next: 84%
Magic:  3/3        EV: 12    Int:  5    God:
Gold:   57         SH:  0    Dex: 13    Spells: 3/3 levels left

rFire   . . .      SeeInvis .   a - +0 war axe
rCold   . . .      Faith    .   (no shield)
rNeg    . . .      Spirit   .   g - +0 ring mail
rPois   .          Reflect  .   c - +0 hat
rElec   .          Harm     .   (no cloak)
rCorr   .          Rampage  .   (no gloves)
Will    .....                   (no boots)
Stlth   +.........              (no amulet)
HPRegen 0.12/turn               (no ring)
MPRegen 0.08/turn               (no ring)

@: no status effects
A: horns 2, retaliatory headbutt
a: no special abilities


You were on level 2 of the Dungeon.
You visited 1 branch of the dungeon, and saw 3 of its levels.

You collected 57 gold pieces.

Inventory:

Hand Weapons
 a - a +0 war axe (weapon)
Missiles
 d - 3 throwing nets
 f - 35 arrows
 h - 49 stones (quivered)
 i - 40 bolts
Armour
 b - a +0 leather armour
 c - a +0 hat (worn)
 g - a +0 ring mail (worn)
 k - a +0 chain mail
 l - a +0 scale mail
Jewellery
 e - a +4 ring of evasion
Scrolls
 j - a scroll of fog {unknown}
 m - a scroll of torment {unknown}
 o - a scroll of acquirement {unknown}
Potions
 n - a potion of heal wounds {unknown}


   Skills:
 + Level 3.4 Fighting
 * Level 5.2 Axes
 - Level 2.1 Throwing
 + Level 1.7 Armour
 + Level 4.0 Dodging


You had 3 spell levels left.
You didn't know any spells.
Your spell library contained the following spells:

 Spells                   Type           Power      Damage    Failure   Level
 Sandblast                Erth           0%         2d4       67%         1
 Passwall                 Tmut/Erth      0%         N/A       80%         2
 Stone Arrow              Conj/Erth      0%         3d7       95%         3


Dungeon Overview and Level Annotations

Branches:
Dungeon (3/15)

Altars:
Xom

Annotations:
D:3 Robin


Innate Abilities, Weirdness & Mutations

You have a pair of horns on your head.
You reflexively headbutt those who attack you in melee.


Message History

There is a stone staircase leading down here.
You start resting.
HP restored.
You climb downwards.
Level annotation: Robin The orc shouts! x3
The orc hits you with a +0 morningstar.
The orc priest mumbles some strange prayers to Beogh against you.
Beogh smites you! The orc barely misses you.
There is a stone staircase leading up here.
The orc barely misses you.
The orc priest mumbles some strange prayers to Beogh against you.
Beogh smites you! The orc closely misses you. You furiously retaliate!
You headbutt the orc.
You climb upwards.
There is a stone staircase leading down here.
You slash the orc priest! You headbutt the orc priest.
The orc priest is severely wounded.
You hit the orc. You closely miss the orc. You hit the orc.
The orc hits you with a +0 whip.
* * * LOW HITPOINT WARNING * * *
The orc hits you with a +0 club.
* * * LOW HITPOINT WARNING * * *
The orc priest calls upon Beogh to heal the orc.
The orc's wounds heal themselves!
The orc closely misses you. The orc misses you.
The orc hits you with a +0 whip.
* * * LOW HITPOINT WARNING * * *
You slash the orc priest!
You kill the orc priest!
You closely miss the orc. x2; You barely miss the orc.
The orc barely misses you. The orc hits you but does no damage. x2
Your Axes skill increases to level 5!
Your Dodging skill increases to level 4!
The orc barely misses you.
Things that are here:
a +0 hand axe; an orc corpse Unknown command.
Unknown command.
The orc hits you with a +0 morningstar!
You die...

##.##################.#..._...#
.#..................#.#.......#
.#################............#
...........#........#.#.#...#.#
...............o#...#.#.#.#.#.#
.######.......#o#...#.#.#.#.#.#
.# #)##.#..#.#...#.#.#.#.#.# .#
#.##.#..#o#...#.#.#...#.# .#
#.##.#..#.@...#.#.#####.# .#
#.##.#..####..#.#.......# .#
#.##.#........#.########### .#
####.##.#.######.#............
.# #.....#.#.# #.############.
.# #.....#.#.######.# #. .#
#.....#.#......#.############.
.#
#.....#.######.#.#.........##.
.#
#>....#..........#.#######.##.


You could see 3 orcs.

Vanquished Creatures
  An orc priest (D:2)
  An adder (D:2)
  2 gnolls (D:2)
  2 worms (D:2)
  A dart slug (D:2)
  7 ball pythons
  4 endoplasms
  2 giant cockroaches
  15 goblins
  5 hobgoblins (D:2)
  A quokka (D:2)
  6 bats
  A frilled lizard (D:1)
  3 kobolds
  2 rats
53 creatures vanquished.

Notes
Turn   | Place    | Note
-------+----------+-------------------------------------------
     0 | D:1      | Gwenloh the Minotaur Gladiator began the quest for the Orb.
     0 | D:1      | Reached XP level 1. HP: 18/18 MP: 0/0
   147 | D:1      | Reached XP level 2. HP: 25/25 MP: 1/1
   163 | D:1      | Reached skill level 4 in Axes
   907 | D:2      | Found a faded altar of an unknown god.
  1091 | D:2      | Reached XP level 3. HP: 31/31 MP: 2/2
  1291 | D:2      | Found a shimmering altar of Xom.
  1664 | D:2      | Reached skill level 1 in Armour
  1987 | D:3      | Noticed Robin
  2039 | D:2      | Reached XP level 4. HP: 34/38 MP: 3/3
  2301 | D:2      | Reached skill level 5 in Axes
  2305 | D:2      | Slain by an orc

Illustrated notes

Levels and vault maps discovered:
D:1:      dpeg_arrival_line_fractal, layout_basic, minmay_close_crescents
D:2:      layout_basic, basic_altar, basic_ecumenical_altar
D:3:      layout_rooms, marbit_many_paths, uniq_grinder, uniq_robin

Skill      XL: |  1  2  3  4 |
---------------+-------------+-----
Axes           | 4 5 |  5.2
Fighting       | 3 |  3.4
Armour         | 1 |  1.7
Dodging        | 4 |  4.0
Throwing       | |  2.1

Action                   |  1- 3 |  4- 6 || total
-------------------------+-------+-------++-------
Melee: War axe           |    70 |    13 ||    83
       Headbutt          |     7 |     1 ||     8
Throw: Stone             |    81 |       ||    81
Armor: Ring mail         |    33 |    10 ||    43
Dodge: Dodged            |    36 |    17 ||    53

Table legend: (Time is in decaauts)
 A = Elapsed time spent in this place.
 B = Non-inter-level travel time spent in this place.
 C = Inter-level travel time spent in this place.
 D = Time resting spent in this place.
 E = Time spent auto-exploring this place.
 F = Levels seen in this place.
 G = Mean time per level.
                   A        B        C        D        E       F      G
               +--------+--------+--------+--------+--------+-----+--------+
         Total |   2334 |   2263 |     71 |    190 |   1653 |   3 |  778.0 |
       Dungeon |   2334 |   2263 |     71 |    190 |   1653 |   3 |  778.0 |
               +--------+--------+--------+--------+--------+-----+--------+

Top non-repeatable levels by time:
     D:2: 1383 daAuts
     D:1: 897 daAuts
     D:3: 52 daAuts
